 Dungeon Crawl Stone Soup version 0.30-a0-972-gf3ab3527aa (webtiles) character file.

Game seed: 7221695320715192261

5009 Demosthentine the Trooper (level 10, 0/72 HPs)
             Began as a Demonspawn Gladiator on Mar 31, 2023.
             Was a Believer of Hepliaklqana.
             Slain by a hornet (12 damage)
             ... on level 8 of the Dungeon.
             The game lasted 00:08:43 (7139 turns).

Demosthentine the Trooper (Demonspawn Gladiator)    Turns: 7139, Time: 00:08:44

Health: 0/72       AC: 11    Str: 17    XL:     10   Next: 29%
Magic:  10/10      EV: 15    Int: 10    God:    Hepliaklqana [**....]
Gold:   410        SH:  5    Dex: 16    Spells: 9/9 levels left

rFire   . . .      SeeInvis +    a - +1 trident
rCold   . . .      Faith    .    (no shield)
rNeg    . . .      Spirit   .    d - +0 troll leather armour {Pargi}
rPois   .          Reflect  +    c - +1 helmet
rElec   .          Rampage  .    r - +0 cloak
rCorr   +                        (no gloves)
Will    .....                    (no boots)
Stlth   +                        p - amulet of reflection
HPRegen 1.12/turn                k - ring of resist corrosion
MPRegen 0.12/turn                g - ring of see invisible

@: lethally poisoned (0 -> -11), slowed, very slow
A: reduced essence, hooves 1, slimy green scales 2, ignite blood 1
a: Renounce Religion, Recall Ancestor, Ancestor Identity


You were on level 8 of the Dungeon.
You worshipped Hepliaklqana.
Hepliaklqana was pleased with you.
You visited 2 branches of the dungeon, and saw 9 of its levels.
You also visited: Sewer.

You collected 518 gold pieces.
You spent 108 gold pieces at shops.

Inventory:

Hand Weapons
 a - a +1 trident (weapon)
Missiles
 b - a throwing net (quivered)
 e - a javelin
Armour
 c - a +1 helmet (worn)
 d - a +0 troll leather armour (worn) {Pargi}
 r - a +0 cloak (worn)
Jewellery
 g - a ring of see invisible (right hand)
 k - a ring of resist corrosion (left hand)
 p - an amulet of reflection (around neck)
 v - a +6 ring of dexterity
Wands
 u - a wand of polymorph (14)
 w - a wand of mindburst (9)
 B - a wand of roots (11)
 C - a wand of flame (29)
Scrolls
 f - a scroll of silence
 h - a scroll of fog
 l - 2 scrolls of teleportation
 n - 3 scrolls of blinking
 o - 3 scrolls of enchant weapon
 y - 2 scrolls of magic mapping
 A - a scroll of identify
 D - a scroll of noise {unknown}
 F - a scroll of poison {unknown}
Potions
 i - 2 potions of might
 j - 3 potions of mutation
 m - 4 potions of invisibility
 q - 5 potions of attraction
 s - 2 potions of magic
 t - a potion of curing
 x - a potion of heal wounds
 z - 2 potions of lignification
 E - a potion of experience {unknown}
 G - a potion of berserk rage


   Skills:
 + Level 7.9 Fighting
 + Level 7.5 Polearms
 - Level 1.7 Throwing
 + Level 6.9 Armour
 + Level 7.5 Dodging


You had 9 spell levels left.
You didn't know any spells.
Your spell library contained the following spells:

 Spells                   Type           Power      Damage    Failure   Level
 Blink                    Tloc           0%         N/A       56%         2
 Lesser Beckoning         Tloc           0%         N/A       56%         2
 Momentum Strike          Conj/Tloc      0%         3d8       56%         2
 Animate Dead             Necr           0%         N/A       99%         4
 Fireball                 Conj/Fire      0%         3d3       100%        5
 Iskenderun's Battlesphe  Conj           0%         2d6       100%        5
 Conjure Ball Lightning   Conj/Air       0%         3x3d6     100%        6
 Haunt                    Necr/Summ      0%         N/A       100%        7
 Orb of Destruction       Conj           0%         9d5       100%        7
 Infestation              Necr           0%         N/A       100%        8


Dungeon Overview and Level Annotations

Branches:
Dungeon (8/15)             Temple (1/1) D:5           Sewer (visited)
   Lair: D:8-11

Altars:
Ashenzari
Cheibriados
Dithmenos
Fedhas
Gozag
Hepliaklqana
Kikubaaqudgha
Makhleb
Okawaru
Qazlal
Ru
Sif Muna
Trog
Uskayaw
Vehumet
Wu Jian
Xom
Yredelemnul

Shops:
D:2 =   D:6 !


Innate Abilities, Weirdness & Mutations

Your life essence is reduced to manifest your ancestor. (-10% HP)
You have large cloven feet.
You are mostly covered in slimy green scales. (AC +3)
Your demonic aura sometimes causes spilled blood to erupt in flames.


Message History

The hornet stings you.
You are more poisoned.
You suddenly lose the ability to move!
The killer bee barely misses you.
Yayatum misses the killer bee.
A gnoll bouda comes into view. It is wielding a +0 whip.
Yayatum misses the killer bee.
You feel very sick. The hornet barely misses you. The killer bee stings you.
Yayatum gestures at the killer bee while chanting.
The killer bee resists with significant effort.
The hornet stings you.
You feel as though you will be slow longer.
The killer bee barely misses Yayatum.
The troll bites Yayatum!
The troll claws Yayatum! x2
You can move again.
You are too injured to fight recklessly!
Unknown command.
Unknown command.
You puncture the hornet! Your kick misses the hornet.
The hornet is moderately wounded.
You feel extremely sick.
The killer bee is no longer moving slowly.
The hornet barely misses you.
The killer bee barely misses Yayatum.
Yayatum closely misses the troll.
The troll bites Yayatum.
The troll claws Yayatum!
Yayatum is destroyed!
A white imp comes into view.
The hornet misses you. You block the killer bee's attack.
You hit the hornet but do no damage. Your kick misses the hornet.
The hornet is moderately wounded.
You feel very sick. The killer bee misses you. You block the hornet's attack.
The white imp grinds its teeth.
The killer bee stings you.
* * * LOW HITPOINT WARNING * * *
You are more poisoned.
The killer bee poisons you!
A vampire comes into view.
The hornet stings you!
You die...

....##..#.######
.. .....#...## ..#
........##
.....###....######
..... ###.......#
...# #.....##.#
.###..###.....#
......y#......#
#..@......#
##yT.........
....#......##
........####.#
..#g.F...## .#
...#...... #
#.5$#..#.. ...#.V.
).#


You could see a troll, a hornet, a vampire, a bullfrog (confused), a gnoll
bouda, a killer bee and a white imp.

Vanquished Creatures
  Pikel (D:5)
  An ugly thing (D:8)
  Maggie (D:6)
  Sigmund (D:5)
  7 yaks (D:8)
  Eustachio (D:4)
  A steam dragon (D:8)
  Edmund (D:6)
  Menkaure (D:5)
  Duvessa (D:6)
  2 water moccasins (D:6)
  Pargi (Sewer)
  An ice beast (D:5)
  2 phantoms (D:5)
  2 centaurs (D:8)
  3 lemures (D:5)
  A kobold brigand (D:6)
  2 bullfrogs (D:6)
  3 scorpions
  Dowan (D:6)
  A killer bee (D:8)
  3 hounds
  3 orc priests
  4 jellies
  A sleepcap (D:5)
  3 iguanas
  8 orc wizards
  4 gnolls
  9 adders
  3 white imps
  3 ufetubi
  A worm (D:3)
  6 dart slugs
  14 orcs
  8 ball pythons
  11 bats
  5 endoplasms
  4 giant cockroaches
  13 goblins
  9 hobgoblins
  15 kobolds
  3 quokkas
  6 frilled lizards
  9 rats
180 creatures vanquished.

Vanquished Creatures (collateral kills)
  A steam dragon (D:7)
  An ice beast (D:8)
  A sky beast (D:8)
  A bullfrog (D:8)
  2 bats (D:7)
6 creatures vanquished.

Vanquished Creatures (others)
  A human (D:4)
  A hexer (D:8)
  3 ancestors (D:8)
5 creatures vanquished.

Grand Total: 191 creatures vanquished

Notes
Turn   | Place    | Note
-------+----------+-------------------------------------------
     0 | D:1      | Demosthentine the Demonspawn Gladiator began the quest for
                  | the Orb.
     0 | D:1      | Reached XP level 1. HP: 16/16 MP: 1/1
    86 | D:1      | Found a faded altar of an unknown god.
   107 | D:1      | Gained mutation: You are partially covered in slimy green
                  | scales. (AC +2) [demonic ancestry]
   107 | D:1      | Reached XP level 2. HP: 18/22 MP: 2/2
   464 | D:1      | Reached skill level 1 in Armour
   571 | D:1      | Gained mutation: You have large cloven feet. [demonic
                  | ancestry]
   571 | D:1      | Reached XP level 3. HP: 28/28 MP: 3/3
   966 | D:2      | Found Biuvuol's Jewellery Shoppe.
  1068 | D:2      | Reached XP level 4. HP: 34/34 MP: 4/4
  1600 | D:3      | Found an ornate altar of the Wu Jian Council.
  1600 | D:3      | Found a hide-covered altar of Uskayaw.
  1600 | D:3      | Found a burning altar of Makhleb.
  1704 | D:3      | Gained mutation: Your demonic aura sometimes causes spilled
                  | blood to erupt in flames. [demonic ancestry]
  1704 | D:3      | Reached XP level 5. HP: 14/41 MP: 5/5
  1882 | D:3      | Found a glowing drain.
  1897 | Sewer    | Entered a sewer
  1935 | Sewer    | Noticed Pargi
  1949 | Sewer    | Killed Pargi
  2003 | Sewer    | Gained mutation: You are mostly covered in slimy green
                  | scales. (AC +3) [demonic ancestry]
  2003 | Sewer    | Reached XP level 6. HP: 47/47 MP: 6/6
  2965 | D:4      | Noticed Eustachio
  2983 | D:4      | Killed Eustachio
  2984 | D:4      | Reached XP level 7. HP: 44/54 MP: 7/7
  3336 | D:4      | Found an ancient bone altar of Kikubaaqudgha.
  3337 | D:4      | Noticed a human
  3339 | D:4      | Killed a human
  3515 | D:5      | Entered Level 5 of the Dungeon
  3580 | D:5      | Found a staircase to the Ecumenical Temple.
  3780 | D:5      | Noticed Menkaure
  3926 | D:6      | Found Apsol's Distillery.
  3936 | D:6      | Bought a potion of degeneration for 12 gold pieces
  3936 | D:6      | Bought a potion of heal wounds for 60 gold pieces
  3936 | D:6      | Bought a potion of lignification for 36 gold pieces
  3953 | D:6      | Noticed Edmund
  3967 | D:6      | Killed Edmund
  3968 | D:6      | Reached skill level 5 in Fighting
  3968 | D:6      | Reached skill level 5 in Polearms
  3968 | D:6      | Reached skill level 5 in Dodging
  3968 | D:6      | Reached XP level 8. HP: 62/62 MP: 8/8
  4223 | D:5      | Noticed Sigmund
  4284 | D:5      | Killed Sigmund
  4360 | D:5      | Noticed Pikel
  4364 | D:5      | Killed Menkaure
  4381 | D:5      | Killed Pikel
  4876 | Temple   | Entered the Ecumenical Temple
  5059 | Temple   | Became a worshipper of Hepliaklqana the Forgotten
  5119 | D:6      | Reached skill level 5 in Armour
  5260 | D:6      | Noticed Dowan
  5261 | D:6      | Noticed Duvessa
  5283 | D:6      | Killed Duvessa
  5292 | D:6      | Killed Dowan
  5365 | D:6      | Reached XP level 9. HP: 66/69 MP: 9/9
  5395 | D:6      | Noticed Maggie
  5407 | D:6      | Killed Maggie
  6012 | D:7      | Reached * piety under Hepliaklqana
  6397 | D:8      | Noticed a brown ugly thing
  6425 | D:8      | Killed a brown ugly thing
  6596 | D:8      | Reached XP level 10. HP: 71/71 MP: 10/10
  7061 | D:8      | Reached ** piety under Hepliaklqana
  7062 | D:8      | Remembered your ancestor Yayatum as a hexer
  7136 | D:8      | Paralysed by a hornet for 2 turns
  7139 | D:8      | Slain by a hornet

Illustrated notes

Levels and vault maps discovered:
D:1:      amcnicky_arrival_gap_in_the_tavern_cellar, layout_basic,
          hellmonk_ecumenical_altar_crossroads, roderic_serpentine_path,
          st_stairs_4
D:2:      layout_basic, serial_shops, nicolae_square_shop
D:3:      layout_loops_ring, chequers_temple_overflow_statue_of_worship,
          portal_sewer_entry_a, minmay_quantized
D:4:      layout_loops_ring, tgw_kikubaaqudgha, serial_co_window_serial,
          co_window_paths_a, co_window_corner_a, co_window_paths_b,
          co_window_paths_a, co_window_paths_b, co_window_paths_b,
          co_window_of_opportunity_a, co_window_paths_a, co_window_paths_a,
          co_window_2corner, co_window_paths_c, co_window_paths_c,
          co_window_2corner, co_window_corner_b, co_window_corner_ca,
          co_window_unsneaky_path_a, glass_columns_a, uniq_eustachio
D:5:      layout_gridville, minmay_temple_entry_purple_smoke,
          chequers_serial_rivers_large_b, minmay_misc_feat_roman, uniq_pikel,
          uniq_menkaure, uniq_sigmund
D:6:      layout_loops_corners, serial_shops, nicolae_shop_hallway_plus,
          uniq_duvessa, uniq_edmund, uniq_maggie
D:7:      layout_rooms, serial_curves, eino_curves_03, eino_curves_03,
          roderic_batcave
D:8:      cheibrodos_fzero, layout_layer_cave, lair_entry_dummy,
          minmay_shattered_shrine
Temple:   eino_temple_scatter_basement

Skill      XL: |  1  2  3  4  5  6  7  8  9 |
---------------+----------------------------+-----
Polearms       | 3 4 5 6 7 |  7.5
Dodging        | 3 4 5 6 7 |  7.5
Armour         | 1 2 3 4 5 6 |  6.9
Fighting       | 3 4 5 6 7 |  7.9
Throwing       | |  1.7

Action                     |  1- 3 |  4- 6 |  7- 9 | 10-12 || total
---------------------------+-------+-------+-------+-------++-------
  Melee: Trident           |   107 |   152 |   417 |    84 ||   760
         Kick              |     5 |    41 |   116 |    30 ||   192
         Punch             |       |     2 |     5 |     1 ||     8
  Throw: Throwing net      |       |     3 |     5 |       ||     8
 Invoke: Ancestor Life: He |       |       |       |     1 ||     1
    Use: Scroll            |     5 |     6 |     4 |       ||    15
         Potion            |       |     4 |     2 |       ||     6
   Stab: Sleeping          |     3 |     2 |     1 |       ||     6
         Held in net/web   |       |       |     2 |       ||     2
 Armour: Leather armour    |    26 |    41 |       |       ||    67
         Troll leather arm |       |    35 |   118 |    26 ||   179
  Dodge: Dodged            |    47 |    92 |   216 |    59 ||   414
  Block: Other             |       |    11 |    87 |    19 ||   117
         Reflection        |       |       |     1 |       ||     1

Table legend: (Time is in decaauts)
 A = Elapsed time spent in this place.
 B = Non-inter-level travel time spent in this place.
 C = Inter-level travel time spent in this place.
 D = Time resting spent in this place.
 E = Time spent auto-exploring this place.
 F = Levels seen in this place.
 G = Mean time per level.
                   A        B        C        D        E       F      G
               +--------+--------+--------+--------+--------+-----+--------+
         Total |   7223 |   7067 |    156 |    137 |   5237 |  10 |  722.3 |
       Dungeon |   6802 |   6647 |    155 |    137 |   4948 |   8 |  850.2 |
        Temple |    202 |    202 |      0 |      0 |    155 |   1 |  202.0 |
         Sewer |    218 |    218 |      0 |      0 |    134 |   1 |  218.0 |
               +--------+--------+--------+--------+--------+-----+--------+

Top non-repeatable levels by time:
     D:6: 1063 daAuts
     D:5: 999 daAuts
     D:4: 991 daAuts
     D:1: 919 daAuts
     D:8: 800 daAuts
     D:3: 762 daAuts
     D:2: 681 daAuts
     D:7: 583 daAuts
   Sewer: 218 daAuts
  Temple: 202 daAuts
